 Dungeon Crawl Stone Soup version 0.23.2-30-g0e89c35649 (webtiles) character file.

Game seed: 8802721289257300444

692 senseless the Cudgeler (level 7, -2/55 HPs)
             Began as a Demonspawn Fighter on June 20, 2019.
             Was an Initiate of Qazlal.
             Slain by a steam dragon (6 damage)
             ... on level 5 of the Dungeon.
             The game lasted 00:13:20 (3369 turns).

senseless the Cudgeler (Demonspawn Fighter)         Turns: 3369, Time: 00:13:20

Health: -2/55      AC: 10    Str: 18    XL:     7   Next: 36%
Magic:  7/7        EV:  8    Int: 10    God:    Qazlal [......]
Gold:   275        SH: 13    Dex: 12    Spells: 6/6 levels left

rFire    . . .     SeeInvis .   a - +1 flail
rCold    . . .     Gourm    .   c - +0 shield
rNeg     . . .     Faith    .   b - +0 scale mail
rPois    .         Spirit   .   (helmet restricted)
rElec    .         Reflect  +   (no cloak)
rCorr    .         Harm     .   m - +1 pair of gloves
MR       .....                  (no boots)
Stlth    ..........             q - +4 amulet of reflection
HPRegen  0.18/turn              (no ring)
MPRegen  0.10/turn              (no ring)

@: very slightly contaminated
A: horns 2, rugged brown scales 1, powered by pain 1
a: Renounce Religion


You were on level 5 of the Dungeon.
You worshipped Qazlal.
Qazlal was noncommittal.
You were not hungry.

You visited 2 branches of the dungeon, and saw 6 of its levels.

You collected 275 gold pieces.

Inventory:

Hand Weapons
 a - a +1 flail (weapon)
 g - a cursed -1 hunting sling
 l - a +1 spear of piercing
 n - a +2 short sword of flaming
Armour
 b - a +0 scale mail (worn)
 c - a +0 shield (worn)
 m - a +1 pair of gloves (worn)
 y - +0 steam dragon scales
Jewellery
 q - a +4 amulet of reflection (around neck)
 x - an uncursed ring of fire {unknown}
Scrolls
 d - 3 scrolls of identify
 i - 2 scrolls of amnesia
 t - a scroll of teleportation
 v - a scroll of remove curse
Potions
 e - a potion of haste {unknown}
 j - 2 potions of magic {unknown}
 k - 2 potions of curing
 o - 2 potions of flight
 p - a potion of degeneration {unknown}
 r - a potion of lignification {unknown}
 s - a potion of ambrosia {unknown}
 u - a potion of brilliance {unknown}
 w - a potion of berserk rage {unknown}
 z - a potion of mutation {unknown}
Comestibles
 f - 10 rations
 A - 5 chunks of flesh


   Skills:
 + Level 4.1 Fighting
 + Level 4.7 Maces & Flails
 + Level 4.1 Armour
 + Level 1.5 Dodging
 + Level 0.3 Stealth
 + Level 4.5 Shields


You had 6 spell levels left.
You didn't know any spells.
Your spell library contained the following spells:

 Spells                   Type           Power        Failure   Level  Hunger
 Beastly Appendage        Tmut           #.....       99%         1    ##.....
 Sticks to Snakes         Tmut           #.......     100%        2    ###....
 Spider Form              Tmut/Pois      #.........   100%        3    ####...
 Ice Form                 Ice/Tmut       #.......     100%        4    #####..
 Blade Hands              Tmut           #.........   100%        5    ######.


Dungeon Overview and Level Annotations

Branches:
Dungeon (5/15)             Temple (1/1) D:4

Altars:
Ashenzari
Cheibriados
Dithmenos
Fedhas
Gozag
Hepliaklqana
Kikubaaqudgha
Makhleb
Nemelex Xobeh
Okawaru
Qazlal
Ru
Sif Muna
Trog
Uskayaw
Vehumet
Wu Jian
Xom
Yredelemnul
Zin
The Shining One


Innate Abilities, Weirdness & Mutations

You have a pair of horns on your head.
You are partially covered in rugged brown scales. (AC +1, +3% HP)
You sometimes gain a little power by taking damage.


Message History

A steam dragon comes into view.
Blink to where?
Press: ? - help, Dir - move target cursor You are very lightly contaminated with residual magic.
As you read the scroll of blinking, it crumbles to dust.
You start resting.
You feel a little less agile now.
You start resting.
The steam dragon is too close now for your liking.
Okay, then.
You feel better. The steam dragon barely misses you. x2
You barely miss the steam dragon. Your headbutt misses the steam dragon.
You block the steam dragon's attack.
The steam dragon claws you but does no damage.
The steam dragon breathes steam at you. The ball of steam hits you!
* * * LOW HITPOINT WARNING * * *
You barely miss the steam dragon. Your headbutt misses the steam dragon.
The steam dragon bites you.
You die...

######..##.....##...#
.........#......#...#
................#..####
..............#.......#
.......#......#.......#
......................#
...................#.##
............##.D...###
.......#.......#@..#
§§......#.#....#####
##.#..###.###.##
§......##......#
...............#
#.............##
#.......)......#
##..#.........##
##.#.....[..##


You could see a steam dragon.

Vanquished Creatures
  A hornet (D:3)
  A steam dragon (D:5)
  2 ogres
  A bullfrog skeleton (D:4)
  An orc priest (D:4)
  2 worker ants
  2 adders
  An adder skeleton (D:4)
  A dart slug (D:3)
  A worm (D:2)
  2 leopard geckos
  4 orcs
  6 giant cockroaches
  13 goblins
  2 hobgoblins
  9 jackals
  8 kobolds
  2 ball pythons
  11 bats
  A frilled lizard (D:1)
  3 rats
74 creatures vanquished.

Vanquished Creatures (others)
  A fungus (D:5)
1 creature vanquished.

Grand Total: 75 creatures vanquished

Notes
Turn   | Place    | Note
-------+----------+-------------------------------------------
     0 | D:1      | senseless the Demonspawn Fighter began the quest for the
                  | Orb.
     0 | D:1      | Reached XP level 1. HP: 18/18 MP: 1/1
    81 | D:1      | Gained mutation: You are partially covered in rugged brown
                  | scales. (AC +1, +3% HP) [demonic ancestry]
    81 | D:1      | Reached XP level 2. HP: 18/24 MP: 2/2
   317 | D:1      | You fall through a shaft!
   555 | D:1      | Gained mutation: You have a pair of small horns on your
                  | head. [demonic ancestry]
   555 | D:1      | Reached XP level 3. HP: 29/29 MP: 3/3
  1699 | D:3      | Noticed a hornet
  1710 | D:3      | Paralysed by a hornet for 1 turns
  1717 | D:3      | Killed a hornet
  1717 | D:3      | Reached skill level 1 in Dodging
  1717 | D:3      | Reached XP level 4. HP: 31/37 MP: 4/4
  1717 | D:3      | Gained mutation: You sometimes gain a little power by
                  | taking damage. [demonic ancestry]
  1717 | D:3      | Reached XP level 5. HP: 35/42 MP: 5/5
  2001 | D:3      | Gained mutation: You have a pair of horns on your head.
                  | [demonic ancestry]
  2001 | D:3      | Reached XP level 6. HP: 49/49 MP: 6/6
  2009 | D:3      | You fall through a shaft for 2 floors!
  2009 | D:5      | Entered Level 5 of the Dungeon
  2644 | D:4      | Found a staircase to the Ecumenical Temple.
  3027 | Temple   | Entered the Ecumenical Temple
  3114 | Temple   | Became a worshipper of Qazlal Stormbringer
  3268 | D:5      | Reached XP level 7. HP: 55/55 MP: 7/7
  3318 | D:5      | Noticed a steam dragon
  3342 | D:5      | HP: 1/55 [steam dragon/ball of steam (17)]
  3343 | D:5      | Killed a steam dragon
  3347 | D:5      | Noticed a steam dragon
  3369 | D:5      | Slain by a steam dragon

Skill      XL: |  1  2  3  4  5  6 |
---------------+-------------------+-----
Maces & Flails | 2 3 4 |  4.7
Shields        | 3 4 |  4.5
Armour         | 3 4 |  4.1
Dodging        | 1 |  1.5
Fighting       | 4 |  4.1
Stealth        | |  0.3

Action                   |  1- 3 |  4- 6 |  7- 9 || total
-------------------------+-------+-------+-------++-------
Melee: Flail             |   162 |    76 |    12 ||   250
       Headbutt          |    12 |    14 |     4 ||    30
  Use: Scroll            |     7 |     2 |     1 ||    10
       Potion            |     3 |       |     2 ||     5
  Eat: Chunk             |     3 |     3 |       ||     6
       Ration            |       |     1 |       ||     1
Armor: Scale mail        |   110 |    21 |     3 ||   134
Dodge: Dodged            |    52 |     8 |    13 ||    73
Block: Shield            |   119 |    47 |    11 ||   177
       Reflection        |       |     2 |       ||     2
